[ AOE2 MATCH · #506425076 ]
UnrankedByzantines vs Franks
Player's team · WIN
Rival team · LOSS
[ REPLAY ANALYSIS · EXTRACTED FROM THE RECORDED GAME ]
Feudal
11:28
Castle
30:49
Imperial
44:01
| APM avg | 55.1 |
| APM peak | 96 |
| eAPM avg | 27.2 |
| Villagers / military | 123 / 47 |
Focus
⚔️ 21.0% · 🌾 79.0%
Cavalry Archer ×18 · Camel Scout ×16 · Spearman ×10 · Monk ×3
Feudal
9:02
Castle
23:02
Imperial
—
| APM avg | 30.1 |
| APM peak | 72 |
| eAPM avg | 13.2 |
| Villagers / military | 91 / 69 |
Focus
⚔️ 30.7% · 🌾 69.3%
Spearman ×23 · Knight ×17 · Militia ×11 · Mangonel ×6 · Scorpion ×5 · Scout Cavalry ×5
Match map
Initial resources + every placement click. Lines = walls · curves = elevation contours. ◆ gold · ⬟ stone · ● berries · ✦ relic · ◌ wall gap
Your base· ✓ Closed at 30:49 · 128t walls · 1 gate(s)
[RZ] HardZeeiRa-BR's base· ✓ Closed at 23:02 · 62t walls · no gate
Smoothed initial terrain · ◌ = detected wall gap · hover for details
Inputs per minute
— SUMMER - - [RZ] HardZeeiRa-BR
Build order — SUMMER
First 150 of 342 actions detected
| 0:01 | Create | Villager (Male) |
| 0:01 | Create | Villager (Male) |
| 0:01 | Create | Villager (Male) |
| 0:03 | Build | House |
| 0:04 | Create | Villager (Male) |
| 0:05 | Build | House |
| 1:28 | Create | Villager (Male) |
| 1:46 | Build | Lumber Camp |
| 2:03 | Create | Villager (Male) |
| 2:04 | Create | Villager (Male) |
| 2:18 | Create | Villager (Male) |
| 2:18 | Create | Villager (Male) |
| 2:49 | Create | Villager (Male) |
| 2:50 | Create | Villager (Male) |
| 2:50 | Create | Villager (Male) |
| 3:08 | Create | Villager (Male) |
| 3:09 | Create | Villager (Male) |
| 3:20 | Build | House |
| 3:21 | Build | House |
| 3:41 | Create | Villager (Male) |
| 4:09 | Create | Villager (Male) |
| 4:09 | Create | Villager (Male) |
| 4:30 | Build | Palisade Wall |
| 4:43 | Create | Villager (Male) |
| 4:43 | Create | Villager (Male) |
| 4:43 | Create | Villager (Male) |
| 4:50 | Build | Mill |
| 5:18 | Create | Villager (Male) |
| 5:19 | Create | Villager (Male) |
| 5:57 | Create | Villager (Male) |
| 6:01 | Create | Villager (Male) |
| 6:01 | Create | Villager (Male) |
| 6:39 | Create | Villager (Male) |
| 6:39 | Create | Villager (Male) |
| 7:21 | Create | Villager (Male) |
| 7:27 | Create | Villager (Male) |
| 7:34 | Build | Palisade Wall |
| 7:39 | Create | Villager (Male) |
| 7:42 | Create | Villager (Male) |
| 7:43 | Create | Villager (Male) |
| 8:21 | Create | Villager (Male) |
| 8:52 | Research | Loom |
| 8:53 | Research | Feudal Age |
| 9:03 | Build | Barracks |
| 9:10 | Build | Palisade Wall |
| 9:42 | Build | Palisade Wall |
| 9:49 | Build | House |
| 10:01 | Build | Lumber Camp |
| 10:30 | Build | Palisade Wall |
| 11:04 | Build | House |
| 11:07 | Build | House |
| 11:16 | Build | Barracks |
| 11:28 | Age | Feudal Age |
| 11:30 | Create | Villager (Male) |
| 11:35 | Research | Double-Bit Axe |
| 11:35 | Research | Double-Bit Axe |
| 11:54 | Build | Palisade Wall |
| 12:05 | Create | Spearman |
| 12:06 | Create | Spearman |
| 12:12 | Build | Mill |
| 12:15 | Create | Villager (Male) |
| 12:15 | Create | Villager (Male) |
| 12:16 | Create | Villager (Male) |
| 12:39 | Build | Farm |
| 12:55 | Build | Farm |
| 12:58 | Build | House |
| 13:23 | Build | Gate |
| 13:28 | Create | Spearman |
| 13:42 | Build | Mining Camp |
| 13:54 | Create | Villager (Male) |
| 13:59 | Build | Farm |
| 14:05 | Create | Spearman |
| 14:05 | Create | Spearman |
| 14:26 | Build | Farm |
| 14:28 | Build | Farm |
| 14:29 | Create | Villager (Male) |
| 14:39 | Build | Watch Tower |
| 14:40 | Create | Villager (Male) |
| 14:59 | Build | Farm |
| 15:07 | Build | House |
| 15:26 | Build | Farm |
| 15:26 | Create | Spearman |
| 15:27 | Create | Spearman |
| 15:35 | Build | Mining Camp |
| 15:49 | Build | Watch Tower |
| 15:58 | Build | Watch Tower |
| 16:19 | Create | Villager (Male) |
| 16:20 | Create | Villager (Male) |
| 16:20 | Create | Villager (Male) |
| 16:33 | Build | Palisade Wall |
| 16:33 | Build | Palisade Wall |
| 16:33 | Build | Palisade Wall |
| 16:33 | Build | Palisade Wall |
| 16:34 | Build | Palisade Wall |
| 16:34 | Build | Palisade Wall |
| 16:34 | Build | Palisade Wall |
| 16:34 | Build | Palisade Wall |
| 16:35 | Build | Palisade Wall |
| 16:35 | Build | Palisade Wall |
| 16:35 | Build | Palisade Wall |
| 16:35 | Build | Palisade Wall |
| 16:39 | Build | Palisade Wall |
| 16:40 | Create | Villager (Male) |
| 16:57 | Build | Farm |
| 17:11 | Build | Blacksmith |
| 17:17 | Build | Watch Tower |
| 17:34 | Create | Villager (Male) |
| 17:56 | Create | Villager (Male) |
| 18:04 | Build | Watch Tower |
| 18:10 | Research | Fletching |
| 18:10 | Research | Fletching |
| 18:10 | Research | Fletching |
| 18:13 | Build | Farm |
| 18:25 | Create | Villager (Male) |
| 18:44 | Build | Palisade Wall |
| 18:49 | Build | Palisade Wall |
| 18:49 | Build | Palisade Wall |
| 18:50 | Build | Palisade Wall |
| 18:50 | Build | Palisade Wall |
| 18:50 | Build | Palisade Wall |
| 18:50 | Build | Palisade Wall |
| 18:51 | Build | Palisade Wall |
| 18:59 | Build | Watch Tower |
| 19:44 | Research | Forging |
| 19:44 | Create | Villager (Male) |
| 19:46 | Create | Villager (Male) |
| 20:11 | Build | Mining Camp |
| 20:14 | Create | Villager (Male) |
| 20:18 | Build | Farm |
| 20:19 | Create | Villager (Male) |
| 20:21 | Create | Villager (Male) |
| 20:21 | Create | Villager (Male) |
| 20:27 | Build | Watch Tower |
| 20:30 | Research | Horse Collar |
| 20:34 | Create | Villager (Male) |
| 20:52 | Create | Villager (Male) |
| 20:53 | Create | Villager (Male) |
| 21:07 | Build | Farm |
| 21:08 | Create | Villager (Male) |
| 21:08 | Create | Villager (Male) |
| 21:14 | Build | House |
| 21:18 | Build | House |
| 21:38 | Create | Villager (Male) |
| 21:50 | Build | Watch Tower |
| 22:04 | Create | Villager (Male) |
| 22:16 | Build | Watch Tower |
| 22:23 | Create | Villager (Male) |
| 22:25 | Build | House |
| 23:09 | Build | House |
| 23:13 | Create | Villager (Male) |
Build order — [RZ] HardZeeiRa-BR
First 150 of 259 actions detected
| 0:01 | Create | Villager (Male) |
| 0:01 | Create | Villager (Male) |
| 0:02 | Create | Villager (Male) |
| 0:02 | Create | Villager (Male) |
| 0:02 | Create | Villager (Male) |
| 0:02 | Create | Villager (Male) |
| 0:02 | Create | Villager (Male) |
| 0:02 | Create | Villager (Male) |
| 0:05 | Build | House |
| 0:09 | Build | House |
| 1:32 | Build | Mill |
| 1:36 | Create | Villager (Male) |
| 1:36 | Create | Villager (Male) |
| 1:53 | Create | Villager (Male) |
| 1:54 | Create | Villager (Male) |
| 2:18 | Create | Villager (Male) |
| 2:18 | Create | Villager (Male) |
| 2:44 | Build | House |
| 3:07 | Create | Villager (Male) |
| 3:07 | Create | Villager (Male) |
| 3:07 | Create | Villager (Male) |
| 3:18 | Create | Villager (Male) |
| 3:18 | Create | Villager (Male) |
| 3:37 | Create | Villager (Male) |
| 3:38 | Create | Villager (Male) |
| 3:38 | Create | Villager (Male) |
| 4:08 | Create | Villager (Male) |
| 4:08 | Create | Villager (Male) |
| 4:11 | Create | Villager (Male) |
| 4:11 | Create | Villager (Male) |
| 4:11 | Create | Villager (Male) |
| 5:08 | Build | Lumber Camp |
| 5:11 | Create | Villager (Male) |
| 5:11 | Create | Villager (Male) |
| 5:47 | Create | Villager (Male) |
| 6:09 | Research | Loom |
| 6:46 | Research | Feudal Age |
| 7:20 | Build | Lumber Camp |
| 7:58 | Build | House |
| 8:44 | Build | Barracks |
| 9:01 | Create | Villager (Male) |
| 9:01 | Create | Villager (Male) |
| 9:02 | Age | Feudal Age |
| 9:30 | Create | Villager (Male) |
| 9:40 | Build | Stable |
| 9:41 | Create | Villager (Male) |
| 10:11 | Create | Villager (Male) |
| 10:11 | Create | Villager (Male) |
| 10:24 | Create | Scout Cavalry |
| 10:24 | Create | Scout Cavalry |
| 10:24 | Create | Scout Cavalry |
| 10:29 | Build | House |
| 10:32 | Build | Palisade Wall |
| 10:35 | Build | House |
| 10:43 | Build | Farm |
| 10:43 | Build | Farm |
| 11:12 | Build | Mill |
| 11:26 | Build | Palisade Wall |
| 11:33 | Build | Palisade Wall |
| 11:37 | Create | Scout Cavalry |
| 11:37 | Create | Scout Cavalry |
| 11:42 | Build | Farm |
| 11:43 | Build | Farm |
| 11:43 | Build | Farm |
| 12:34 | Build | Watch Tower |
| 12:42 | Build | House |
| 12:44 | Build | House |
| 12:45 | Create | Villager (Male) |
| 12:45 | Create | Villager (Male) |
| 12:45 | Create | Villager (Male) |
| 12:52 | Build | House |
| 12:55 | Build | Farm |
| 13:00 | Build | Farm |
| 13:17 | Build | Farm |
| 13:18 | Create | Villager (Male) |
| 13:28 | Build | Palisade Wall |
| 13:31 | Create | Villager (Male) |
| 14:28 | Build | Watch Tower |
| 14:37 | Build | Farm |
| 14:37 | Build | Farm |
| 14:37 | Build | Farm |
| 14:37 | Build | Farm |
| 14:54 | Build | Palisade Wall |
| 14:58 | Build | Blacksmith |
| 15:25 | Create | Villager (Male) |
| 15:25 | Create | Villager (Male) |
| 15:25 | Create | Villager (Male) |
| 15:45 | Create | Villager (Male) |
| 16:04 | Build | Mining Camp |
| 16:06 | Create | Villager (Male) |
| 16:06 | Create | Villager (Male) |
| 16:18 | Build | House |
| 16:25 | Build | Palisade Wall |
| 16:33 | Create | Villager (Male) |
| 16:43 | Research | Double-Bit Axe |
| 16:58 | Build | House |
| 17:16 | Research | Wheelbarrow |
| 17:30 | Build | Palisade Wall |
| 18:07 | Create | Militia |
| 18:07 | Create | Militia |
| 18:42 | Build | Mining Camp |
| 18:58 | Create | Militia |
| 18:58 | Create | Militia |
| 19:04 | Build | Market |
| 19:16 | Build | Farm |
| 19:16 | Build | Farm |
| 19:17 | Build | Farm |
| 19:28 | Build | Palisade Wall |
| 19:32 | Create | Villager (Male) |
| 19:33 | Create | Villager (Male) |
| 20:06 | Build | House |
| 20:15 | Research | Castle Age |
| 20:57 | Research | Man-at-Arms (upgrade) |
| 21:05 | Build | House |
| 21:09 | Build | Palisade Wall |
| 21:39 | Build | Watch Tower |
| 21:55 | Build | Watch Tower |
| 22:04 | Build | Stable |
| 22:14 | Build | Farm |
| 22:35 | Research | Scale Barding Armor |
| 22:50 | Create | Villager (Male) |
| 22:50 | Create | Villager (Male) |
| 23:02 | Age | Castle Age |
| 23:04 | Build | Farm |
| 23:05 | Create | Knight |
| 23:05 | Create | Knight |
| 23:15 | Create | Militia |
| 23:15 | Create | Militia |
| 23:15 | Create | Militia |
| 23:15 | Create | Militia |
| 23:29 | Research | Gold Mining |
| 23:52 | Create | Knight |
| 23:53 | Create | Knight |
| 23:53 | Create | Knight |
| 23:54 | Create | Villager (Male) |
| 23:54 | Create | Villager (Male) |
| 23:54 | Create | Villager (Male) |
| 24:04 | Build | Siege Workshop |
| 24:13 | Create | Knight |
| 24:13 | Create | Knight |
| 25:01 | Build | Mining Camp |
| 25:03 | Create | Villager (Male) |
| 25:03 | Create | Villager (Male) |
| 25:04 | Create | Villager (Male) |
| 25:04 | Create | Villager (Male) |
| 25:45 | Create | Mangonel |
| 25:45 | Create | Mangonel |
| 26:05 | Build | Farm |
| 26:29 | Create | Villager (Male) |
| 26:29 | Create | Villager (Male) |
Match timeline
| 4:30 | SUMMER · wall_segment Palisade Wall x14 |
| 7:34 | SUMMER · wall_segment Palisade Wall x16 |
| 8:44 | [RZ] HardZeeiRa-BR · first_building Barracks |
| 9:02 | [RZ] HardZeeiRa-BR · age_up feudal |
| 9:03 | SUMMER · first_building Barracks |
| 9:10 | SUMMER · wall_segment Palisade Wall x19 |
| 9:40 | [RZ] HardZeeiRa-BR · first_building Stable |
| 9:42 | SUMMER · wall_segment Palisade Wall x10 |
| 10:30 | SUMMER · wall_segment Palisade Wall x17 |
| 10:32 | [RZ] HardZeeiRa-BR · wall_segment Palisade Wall x4 |
| 11:26 | [RZ] HardZeeiRa-BR · wall_segment Palisade Wall x6 |
| 11:28 | SUMMER · age_up feudal |
| 11:33 | [RZ] HardZeeiRa-BR · wall_segment Palisade Wall x4 |
| 11:54 | SUMMER · wall_segment Palisade Wall x1 |
| 13:28 | [RZ] HardZeeiRa-BR · wall_segment Palisade Wall x5 |
| 14:54 | [RZ] HardZeeiRa-BR · wall_segment Palisade Wall x4 |
| 16:25 | [RZ] HardZeeiRa-BR · wall_segment Palisade Wall x15 |
| 16:33 | SUMMER · wall_segment Palisade Wall x1 |
| 16:33 | SUMMER · wall_segment Palisade Wall x1 |
| 16:33 | SUMMER · wall_segment Palisade Wall x1 |
| 16:33 | SUMMER · wall_segment Palisade Wall x1 |
| 16:34 | SUMMER · wall_segment Palisade Wall x2 |
| 16:34 | SUMMER · wall_segment Palisade Wall x1 |
| 16:34 | SUMMER · wall_segment Palisade Wall x2 |
| 16:34 | SUMMER · wall_segment Palisade Wall x1 |
| 16:35 | SUMMER · wall_segment Palisade Wall x1 |
| 16:35 | SUMMER · wall_segment Palisade Wall x1 |
| 16:35 | SUMMER · wall_segment Palisade Wall x1 |
| 16:35 | SUMMER · wall_segment Palisade Wall x1 |
| 16:39 | SUMMER · wall_segment Palisade Wall x1 |
| 17:30 | [RZ] HardZeeiRa-BR · wall_segment Palisade Wall x10 |
| 18:44 | SUMMER · wall_segment Palisade Wall x1 |
| 18:49 | SUMMER · wall_segment Palisade Wall x1 |
| 18:49 | SUMMER · wall_segment Palisade Wall x1 |
| 18:50 | SUMMER · wall_segment Palisade Wall x2 |
| 18:50 | SUMMER · wall_segment Palisade Wall x2 |
| 18:50 | SUMMER · wall_segment Palisade Wall x1 |
| 18:50 | SUMMER · wall_segment Palisade Wall x1 |
| 18:51 | SUMMER · wall_segment Palisade Wall x1 |
| 19:28 | [RZ] HardZeeiRa-BR · wall_segment Palisade Wall x1 |
| 20:13 | [RZ] HardZeeiRa-BR · first_market_sell 100 food |
| 21:09 | [RZ] HardZeeiRa-BR · wall_segment Palisade Wall x13 |
| 21:34 | [RZ] HardZeeiRa-BR · first_market_buy 100 stone |
| 23:02 | [RZ] HardZeeiRa-BR · age_up castle |
| 23:59 | SUMMER · wall_segment Palisade Wall x1 |
| 23:59 | SUMMER · wall_segment Palisade Wall x1 |
| 23:59 | SUMMER · wall_segment Palisade Wall x1 |
| 23:59 | SUMMER · wall_segment Palisade Wall x2 |
| 24:00 | SUMMER · wall_segment Palisade Wall x2 |
| 24:00 | SUMMER · wall_segment Palisade Wall x2 |
| 24:00 | SUMMER · wall_segment Palisade Wall x1 |
| 24:01 | SUMMER · wall_segment Palisade Wall x2 |
| 24:04 | [RZ] HardZeeiRa-BR · first_building Siege Workshop |
| 25:28 | SUMMER · wall_segment Palisade Wall x14 |
| 25:33 | SUMMER · wall_segment Stone Wall x1 |
| 25:33 | SUMMER · wall_segment Stone Wall x1 |
| 25:35 | SUMMER · wall_segment Stone Wall x1 |
| 26:08 | SUMMER · wall_segment Stone Wall x6 |
| 27:01 | SUMMER · wall_segment Stone Wall x5 |
| 27:49 | SUMMER · wall_segment Palisade Wall x2 |
| 27:59 | SUMMER · wall_segment Stone Wall x1 |
| 28:02 | SUMMER · wall_segment Stone Wall x3 |
| 28:09 | SUMMER · wall_segment Stone Wall x1 |
| 28:34 | SUMMER · first_building Stable |
| 30:49 | SUMMER · age_up castle |
| 33:43 | SUMMER · first_building Monastery |
| 34:10 | [RZ] HardZeeiRa-BR · first_building Castle |
| 36:40 | SUMMER · first_building Archery Range |
| 39:33 | [RZ] HardZeeiRa-BR · wall_segment Stone Wall x5 |
| 40:30 | SUMMER · first_building Castle |
| 41:22 | [RZ] HardZeeiRa-BR · wall_segment Stone Wall x6 |
| 41:47 | SUMMER · first_building Siege Workshop |
| 42:27 | [RZ] HardZeeiRa-BR · first_building Monastery |
| 44:01 | SUMMER · age_up imperial |
| 44:09 | [RZ] HardZeeiRa-BR · resign |
[ AI ANALYSIS · 1 CREDIT ]
What really happened in this match?
Wolo.gg analyzes every decision: build order, eco, micro, common mistakes by bracket. Personalized analysis on WhatsApp or Discord in 30 seconds.
Civ guide
Byzantines
Perfil
Jugador #25845906